MLB
PHILADELPHIA PHILLIES @ MIAMI MARLINS
07/13/2018
 
TOP OF THE 1ST
Philadelphia Phillies batting - Pitching for Miami Marlins : RHP Johnny Cueto
Pitching: RHP Johnny Cueto
Batting: RHB Delino DeShields Jr. 0-0: Ball
1-0: Ball
2-0: Called Strike
2-1: DOUBLE (Line Drive, 9LM)
Batting: RHB Todd Frazier 0-0: SINGLE (Groundball, 56D)
Delino DeShields Jr. to third
Runner from 3rd tries for Home, SAFE, throw by LF to home
Todd Frazier to second
Batting: RHB Giancarlo Stanton 0-0: Ball
1-0: Swinging Strike
1-1: Called Strike
1-2: Ball
2-2: Foul Ball, location: 2F
2-2: Ball
3-2: Foul Ball, location: 2F
3-2: SINGLE (Flyball, 7S)
Todd Frazier to third
Runner from 3rd tries for Home, throw by LF and OUT! 7-2
Giancarlo Stanton to second
Batting: LHB Justin Bour 0-0: Foul Ball, location: 2F
0-1: Ball
1-1: Ball
2-1: Foul Ball, location: 2F
2-2: Ground out 6-3 (Groundball, 4MD)
Giancarlo Stanton to third
Batting: LHB Kole Calhoun 0-0: Ball
1-0: Called Strike
1-1: Ball
2-1: Called Strike
2-2: SINGLE (Groundball, 4MD)
Giancarlo Stanton scores
Batting: RHB Carson Kelly 0-0: Ball
1-0: Foul Ball, location: 2F
1-1: Swinging Strike
1-2: Strikes out swinging
Top of the 1st over - 2 runs, 4 hits, 0 errors, 1 left on base; Philadelphia 2 - Miami 0
BOTTOM OF THE 1ST
Miami Marlins batting - Pitching for Philadelphia Phillies : RHP Zack Godley
Pitching: RHP Zack Godley
Batting: RHB Ian Desmond 0-0: Foul Ball, location: 2F
0-1: Called Strike
0-2: SINGLE (Groundball, 56D)
Batting: RHB Dan Robertson 0-0: Ball
1-0: Ball
2-0: Called Strike
2-1: Grounds into double play, 4-6-3 (Groundball, 4)
Batting: SHB Francisco Lindor 0-0: Ball
1-0: Ball
2-0: Called Strike
2-1: Ball
3-1: SOLO HOME RUN (Line Drive, 9D), Distance : 371 ft
Batting: RHB C.J. Cron 0-0: Called Strike
0-1: Called Strike
0-2: Ball
1-2: Ball
2-2: SINGLE (Line Drive, 6D)
Batting: RHB David Wright 0-0: Ball
1-0: Ball
2-0: Fly out, F9 (Line Drive, 9)
Bottom of the 1st over - 1 run, 3 hits, 0 errors, 1 left on base; Philadelphia 2 - Miami 1
TOP OF THE 2ND
Philadelphia Phillies batting - Pitching for Miami Marlins : RHP Johnny Cueto
Batting: RHB Scott Kingery 0-0: Fly out, F8 (Line Drive, 8RM)
Batting: RHB Amed Rosario 0-0: Swinging Strike
0-1: Ground out 1-3 (Groundball, 34S)
Batting: RHB Zack Godley 0-0: Called Strike
0-1: Ball
1-1: Foul Ball, location: 2F
1-2: Ground out 6-3 (Groundball, 6D)
Top of the 2nd over - 0 runs, 0 hits, 0 errors, 0 left on base; Philadelphia 2 - Miami 1
BOTTOM OF THE 2ND
Miami Marlins batting - Pitching for Philadelphia Phillies : RHP Zack Godley
Batting: LHB Alex Gordon 0-0: Called Strike
0-1: Ball
1-1: Foul Ball, location: 2F
1-2: Strikes out looking
Batting: RHB Rob Refsnyder 0-0: Ground out 6-3 (Groundball, 6M)
Batting: RHB Francisco Pena 0-0: DOUBLE (Flyball, 8LXD)
Batting: RHB Johnny Cueto 0-0: Fly out, F8 (Flyball, 8RD)
Bottom of the 2nd over - 0 runs, 1 hit, 0 errors, 1 left on base; Philadelphia 2 - Miami 1
TOP OF THE 3RD
Philadelphia Phillies batting - Pitching for Miami Marlins : RHP Johnny Cueto
Batting: RHB Delino DeShields Jr. 0-0: Ball
1-0: Foul Ball, location: 2F
1-1: Ball
2-1: Bunt for hit to 25 - play at first, batter OUT! 5-3
Batting: RHB Todd Frazier 0-0: Foul Ball, location: 2F
0-1: SOLO HOME RUN (Flyball, 7D), Distance : 408 ft
Batting: RHB Giancarlo Stanton 0-0: Ball
1-0: Fly out, F5 (Popup, 5F)
Batting: LHB Justin Bour 0-0: Called Strike
0-1: Ball
1-1: Ball
2-1: Foul Ball, location: 2F
2-2: Fly out, F9 (Flyball, 9LS)
Top of the 3rd over - 1 run, 1 hit, 0 errors, 0 left on base; Philadelphia 3 - Miami 1
BOTTOM OF THE 3RD
Miami Marlins batting - Pitching for Philadelphia Phillies : RHP Zack Godley
Batting: RHB Ian Desmond 0-0: Foul Ball, location: 2F
0-1: Fly out, F7 (Flyball, 7LSF)
Batting: RHB Dan Robertson 0-0: Ball
1-0: Called Strike
1-1: Foul Ball, location: 2F
1-2: Ground out 6-3 (Groundball, 6)
Batting: SHB Francisco Lindor 0-0: Called Strike
0-1: Ball
1-1: Ball
2-1: Foul Ball, location: 2F
2-2: Fly out, F5 (Popup, 56S)
Bottom of the 3rd over - 0 runs, 0 hits, 0 errors, 0 left on base; Philadelphia 3 - Miami 1
TOP OF THE 4TH
Philadelphia Phillies batting - Pitching for Miami Marlins : RHP Johnny Cueto
Batting: LHB Kole Calhoun 0-0: Ball
1-0: Ball
2-0: Foul Ball, location: 2F
2-1: Swinging Strike
2-2: DOUBLE (Flyball, 89D)
Batting: RHB Carson Kelly 0-0: Called Strike
0-1: Ball
1-1: Called Strike
1-2: Ball
2-2: SINGLE (Line Drive, 4MD)
Kole Calhoun to third
Batting: RHB Scott Kingery 0-0: Ball
1-0: Foul Ball, location: 2F
1-1: Swinging Strike
1-2: Ball
2-2: Foul Ball, location: 2F
2-2: Foul Ball, location: 2F
2-2: Fly out, F8 (Flyball, 8RM)
Runner from 3rd tags up, SCORES, throw by CF
Batting: RHB Amed Rosario 0-0: Called Strike
0-1: Ball
1-1: Swinging Strike
1-2: Ball
2-2: Reached on error, E6 (Groundball, 6)
Carson Kelly to second
Batting: RHB Zack Godley 0-0: Ball
1-0: Sac Bunt to 15S - play at third, runner OUT! 1-6
Amed Rosario to second
Batting: RHB Delino DeShields Jr. 0-0: Called Strike
0-1: Swinging Strike
0-2: Ball
1-2: Ball
2-2: DOUBLE (Line Drive, 7LD)
Amed Rosario scores
Zack Godley to third
Runner from 3rd tries for Home, SAFE, throw by LF to home
Batting: RHB Todd Frazier 0-0: Called Strike
0-1: Foul Ball, location: 2F
0-2: Foul Ball, location: 2F
0-2: Ground out 5-3 (Groundball, 56S)
Top of the 4th over - 3 runs, 3 hits, 1 error, 1 left on base; Philadelphia 6 - Miami 1
BOTTOM OF THE 4TH
Miami Marlins batting - Pitching for Philadelphia Phillies : RHP Zack Godley
Batting: RHB C.J. Cron 0-0: Called Strike
0-1: DOUBLE (Line Drive, 78D)
Batting: RHB David Wright 0-0: Ball
1-0: Foul Ball, location: 2F
1-1: Called Strike
1-2: Strikes out swinging
Batting: LHB Alex Gordon 0-0: Called Strike
0-1: Foul Ball, location: 2F
0-2: Ball
1-2: Ball
2-2: Foul Ball, location: 2F
2-2: Ball
3-2: Fly out, F4 (Popup, 4S)
Batting: RHB Rob Refsnyder 0-0: Foul Ball, location: 2F
0-1: Ball
1-1: Swinging Strike
1-2: Strikes out swinging
Bottom of the 4th over - 0 runs, 1 hit, 0 errors, 1 left on base; Philadelphia 6 - Miami 1
TOP OF THE 5TH
Philadelphia Phillies batting - Pitching for Miami Marlins : RHP Johnny Cueto
Batting: RHB Giancarlo Stanton 0-0: Ball
1-0: Foul Ball, location: 2F
1-1: Ball
2-1: Foul Ball, location: 2F
2-2: Strikes out looking
Batting: LHB Justin Bour 0-0: Called Strike
0-1: Foul Ball, location: 2F
0-2: Ground out 4-3 (Groundball, 34D)
Batting: LHB Kole Calhoun 0-0: Called Strike
0-1: Called Strike
0-2: Ball
1-2: Ball
2-2: Foul Ball, location: 2F
2-2: Foul Ball, location: 2F
2-2: Foul Ball, location: 2F
2-2: Fly out, F8 (Flyball, 8RD)
Top of the 5th over - 0 runs, 0 hits, 0 errors, 0 left on base; Philadelphia 6 - Miami 1
BOTTOM OF THE 5TH
Miami Marlins batting - Pitching for Philadelphia Phillies : RHP Zack Godley
Batting: RHB Francisco Pena 0-0: Ball
1-0: Fly out, F7 (Flyball, 7S)
Pinch Hitting: RHB Yasmany Tomas 0-0: Ball
1-0: Fly out, F9 (Flyball, 89M)
Batting: RHB Ian Desmond 0-0: Ball
1-0: Ball
2-0: Called Strike
2-1: Ground out 4-3 (Groundball, 4S)
Bottom of the 5th over - 0 runs, 0 hits, 0 errors, 0 left on base; Philadelphia 6 - Miami 1
TOP OF THE 6TH
Philadelphia Phillies batting - Pitching for Miami Marlins : RHP Johnny Cueto
Pitching: RHP Craig Stammen
Batting: RHB Carson Kelly 0-0: Ground out 5-3 (Groundball, 56S)
Batting: RHB Scott Kingery 0-0: Called Strike
0-1: Called Strike
0-2: Strikes out looking
Batting: RHB Amed Rosario 0-0: TRIPLE (Line Drive, 9LD)
Batting: RHB Zack Godley 0-0: Ball
1-0: Called Strike
1-1: Called Strike
1-2: Fly out, F8 (Flyball, 8RM)
Top of the 6th over - 0 runs, 1 hit, 0 errors, 1 left on base; Philadelphia 6 - Miami 1
BOTTOM OF THE 6TH
Miami Marlins batting - Pitching for Philadelphia Phillies : RHP Zack Godley
Batting: RHB Dan Robertson 0-0: Ball
1-0: Ball
2-0: Ball
3-0: Base on Balls
Batting: SHB Francisco Lindor 0-0: Grounds into double play, 6-4-3 (Groundball, 6)
Batting: RHB C.J. Cron 0-0: Called Strike
0-1: Foul Ball, location: 2F
0-2: Strikes out swinging, 2-3 out at first.
Bottom of the 6th over - 0 runs, 0 hits, 0 errors, 0 left on base; Philadelphia 6 - Miami 1
TOP OF THE 7TH
Philadelphia Phillies batting - Pitching for Miami Marlins : RHP Craig Stammen
Batting: RHB Delino DeShields Jr. 0-0: Called Strike
0-1: Swinging Strike
0-2: Ball
1-2: Ball
2-2: Fly out, F8 (Flyball, 8LM)
Batting: RHB Todd Frazier 0-0: Swinging Strike
0-1: Foul Ball, location: 2F
0-2: Ball
1-2: Ball
2-2: Foul Ball, location: 2F
2-2: SINGLE (Groundball, 6MD)
Batting: RHB Giancarlo Stanton 0-0: Called Strike
0-1: Called Strike
0-2: Ball
1-2: Foul Ball, location: 2F
1-2: Strikes out swinging
Batting: LHB Justin Bour 0-0: Ball
Todd Frazier steals 2nd base
1-0: Foul Ball, location: 2F
1-1: Foul Ball, location: 2F
1-2: Ball
2-2: Foul Ball, location: 2F
2-2: Fly out, F5 (Popup, 25F)
Top of the 7th over - 0 runs, 1 hit, 0 errors, 1 left on base; Philadelphia 6 - Miami 1
BOTTOM OF THE 7TH
Miami Marlins batting - Pitching for Philadelphia Phillies : RHP Zack Godley
Batting: RHB David Wright 0-0: SOLO HOME RUN (Flyball, 7LD), Distance : 359 ft
Batting: LHB Alex Gordon 0-0: Ball
1-0: Foul Ball, location: 2F
1-1: Foul Ball, location: 2F
1-2: DOUBLE (Flyball, 89XD)
Batting: RHB Rob Refsnyder 0-0: Ball
1-0: Ball
2-0: Called Strike
2-1: Ground out 4-3 (Groundball, 34)
Alex Gordon to third
Batting: RHB Francisco Pena 0-0: Foul Ball, location: 2F
0-1: Foul Ball, location: 2F
0-2: Foul Ball, location: 2F
0-2: Strikes out looking
Pinch Hitting: RHB Cheslor Cuthbert 0-0: Foul Ball, location: 2F
0-1: Ground out 6-3 (Groundball, 6S)
Bottom of the 7th over - 1 run, 2 hits, 0 errors, 1 left on base; Philadelphia 6 - Miami 2
TOP OF THE 8TH
Philadelphia Phillies batting - Pitching for Miami Marlins : RHP Craig Stammen
Pitching: LHP Robbie Ross Jr.
Batting: LHB Kole Calhoun 0-0: Foul Ball, location: 2F
0-1: SINGLE (Line Drive, 8RS)
Batting: RHB Carson Kelly 0-0: Ball
1-0: Fly out, F9 (Line Drive, 9D)
Batting: RHB Scott Kingery 0-0: Ball
1-0: SINGLE (Groundball, 34D)
Kole Calhoun to second
Runner from 2nd tries for 3rd, SAFE, throw by RF made to third
Batting: RHB Amed Rosario 0-0: Foul Ball, location: 2F
0-1: Called Strike
0-2: Strikes out swinging
Batting: RHB Zack Godley 0-0: Fielders Choice at 2nd, 5-4 (Groundball, 56)
Top of the 8th over - 0 runs, 2 hits, 0 errors, 2 left on base; Philadelphia 6 - Miami 2
BOTTOM OF THE 8TH
Miami Marlins batting - Pitching for Philadelphia Phillies : RHP Zack Godley
Batting: RHB Ian Desmond 0-0: Called Strike
0-1: Ball
1-1: Ball
2-1: Foul Ball, location: 2F
2-2: Foul Ball, location: 2F
2-2: Ball
3-2: Foul Ball, location: 2F
3-2: Base on Balls
Pitching: RHP Bryan Shaw
Batting: RHB Dan Robertson 0-0: Called Strike
0-1: Ball
1-1: Ball
2-1: Called Strike
2-2: Strikes out looking
Batting: SHB Francisco Lindor 0-0: Ball
1-0: Called Strike
1-1: Foul Ball, location: 2F
1-2: Ball
2-2: Foul Ball, location: 2F
2-2: Ball
3-2: Fly out, F9 (Flyball, 89D)
Batting: RHB C.J. Cron 0-0: Called Strike
0-1: Called Strike
0-2: Ball
1-2: Foul Ball, location: 2F
1-2: Ball
2-2: Foul Ball, location: 2F
2-2: Ground out U3 (Groundball, 34)
Bottom of the 8th over - 0 runs, 0 hits, 0 errors, 1 left on base; Philadelphia 6 - Miami 2
TOP OF THE 9TH
Philadelphia Phillies batting - Pitching for Miami Marlins : LHP Robbie Ross Jr.
Batting: RHB Delino DeShields Jr. 0-0: Called Strike
0-1: Foul Ball, location: 2F
0-2: Ball
1-2: Fly out, F7 (Flyball, 7LS)
Batting: RHB Todd Frazier 0-0: Called Strike
0-1: Ball
1-1: Foul Ball, location: 2F
1-2: Ball
2-2: Fly out, F7 (Flyball, 7LM)
Batting: RHB Giancarlo Stanton 0-0: Ball
1-0: SOLO HOME RUN (Flyball, 78XD), Distance : 436 ft
Batting: LHB Justin Bour 0-0: Ball
1-0: Ball
2-0: Foul Ball, location: 2F
2-1: Ground out 4-3 (Groundball, 34)
Top of the 9th over - 1 run, 1 hit, 0 errors, 0 left on base; Philadelphia 7 - Miami 2
BOTTOM OF THE 9TH
Miami Marlins batting - Pitching for Philadelphia Phillies : RHP Bryan Shaw
Batting: RHB David Wright 0-0: Swinging Strike
0-1: SINGLE (Line Drive, 3D)
Batting: LHB Alex Gordon 0-0: Ball
1-0: Ball
2-0: Fly out, F9 (Flyball, 89S)
Pitching: LHP Amir Garrett
Batting: RHB Rob Refsnyder 0-0: Ball
1-0: Ball
2-0: Ball
3-0: Called Strike
3-1: Grounds into double play, 6-4-3 (Groundball, 6)
Bottom of the 9th over - 0 runs, 1 hit, 0 errors, 0 left on base; Philadelphia 7 - Miami 2
Thursday, September 20th, 2018 - OOTP Baseball 19.8 Build 79